 Dungeon Crawl Stone Soup version 0.29-a0-559-g359e09b9d1 (webtiles) character file.

Game seed: 13046316443374983961

126 Miritol the Bolt Thrower (level 5, 0/30 HPs)
             Began as a Tengu Hunter on June 10, 2022.
             Slain by an orc warrior
             ... wielding a +0 trident
              (14 damage)
             ... on level 4 of the Dungeon.
             The game lasted 00:05:13 (2894 turns).

Miritol the Bolt Thrower (Tengu Hunter)             Turns: 2894, Time: 00:05:13

Health: 0/30       AC:  3    Str: 13    XL:     5   Next: 9%
Magic:  6/6        EV: 14    Int: 10    God:
Gold:   106        SH:  0    Dex: 17    Spells: 4/4 levels left

rFire   + . .      SeeInvis .   s - +0 dagger (venom)
rCold   + + .      Faith    .   (no shield)
rNeg    . . .      Spirit   .   f - +0 leather armour
rPois   .          Reflect  .   (helmet restricted)
rElec   .          Harm     .   p - scarf {rC+ rF+}
rCorr   .          Rampage  .   (no gloves)
Will    .....                   (boots unavailable)
Stlth   ++........              (no amulet)
HPRegen 0.10/turn               i - ring of protection from cold
MPRegen 0.10/turn               (no ring)

@: flying quickly and evasively, quick
A: beak, talons 3, nimble flight
a: no special abilities


You were on level 4 of the Dungeon.
You visited 1 branch of the dungeon, and saw 4 of its levels.

You collected 106 gold pieces.

Inventory:

Hand Weapons
 a - a +1 hand crossbow
 b - a +1 short sword of electrocution
 m - a +0 hand axe
 s - a +0 dagger of venom (weapon)
Armour
 f - a +0 leather armour (worn)
 p - a scarf of resistance (worn)
Jewellery
 d - a ring of magical power
 i - a ring of protection from cold (left hand)
 j - a ring of fire
Wands
 k - a wand of polymorph (12)
Scrolls
 c - a scroll of immolation
 e - 3 scrolls of blinking {unknown}
 g - a scroll of magic mapping {unknown}
 l - 3 scrolls of identify {unknown}
 n - a scroll of enchant armour {unknown}
 r - a scroll of fog {unknown}
Potions
 o - 3 potions of cancellation {unknown}
 q - a potion of might {unknown}
 t - a potion of degeneration {unknown}


   Skills:
 - Level 2.0 Fighting
 + Level 5.7 Crossbows
 + Level 3.4 Armour
 - Level 2.1 Dodging
 - Level 1.0 Stealth


You had 4 spell levels left.
You didn't know any spells.
Your spell library contained the following spells:

 Spells                   Type           Power      Damage    Failure   Level
 Summon Small Mammal      Summ           0%         N/A       43%         1
 Call Canine Familiar     Summ           0%         N/A       80%         3
 Summon Guardian Golem    Hex/Summ       0%         N/A       80%         3


Dungeon Overview and Level Annotations

Branches:
Dungeon (4/15)
 Temple: D:4-7

Altars:
Elyvilon
Yredelemnul

Annotations:
D:3 3 runed translucent doors, Crownlay's ghost, weakling HONe


Innate Abilities, Weirdness & Mutations

You have a beak for a mouth.
You have claws for feet.
Your magical nature lets you fly swiftly and evasively.


Message History

Aim: an orc warrior, wielding a +0 trident and wearing a +0 plate armour (60% to hit)
You throw a poisoned dart. The poisoned dart hits the orc warrior.
Unknown command.
Throw: 2 darts (poison)
Press: ? - help, Q - select action, (/) - cycle Shift-Dir - straight line, f/p - orc warrior
Aim: an orc warrior, wielding a +0 trident and wearing a +0 plate armour (60% to hit)
You throw a poisoned dart. The poisoned dart hits the orc warrior.
The orc warrior is poisoned.
Throw: dart (poison)
Press: ? - help, Q - select action, (/) - cycle Shift-Dir - straight line, f/p - orc warrior
Aim: an orc warrior, wielding a +0 trident and wearing a +0 plate armour (poisoned, 60% to hit)
You throw a poisoned dart. The poisoned dart hits the orc warrior.
The orc warrior looks even sicker.
An orc priest comes into view. It is wielding a +0 hand axe.
Things that are here:
a +0 mace; an orc corpse You hear the crackle of electricity.
b - a +1 short sword of electrocution (weapon)
There is an open door here.
There is an open door here.
Your +1 short sword of electrocution stops crackling.
Your +0 dagger of venom begins to drip with poison!
s - a +0 dagger of venom (weapon)
There is an open door here.
You closely miss the orc warrior. Your peck misses the orc warrior.
The orc warrior is moderately wounded.
The orc warrior closely misses you.
You hit the orc warrior but do no damage.
The orc warrior is poisoned.
The orc warrior is moderately wounded.
The orc warrior hits you with a +0 trident.
You completely miss the orc warrior. Your kick misses the orc warrior.
Your peck misses the orc warrior.
The orc warrior is moderately wounded.
The orc warrior hits you with a +0 trident!
You hit the orc warrior.
The orc warrior looks even sicker.
The orc warrior is heavily wounded.
The orc warrior completely misses you.
The orc warrior hits you from afar with a +0 trident!
You die...

#####............#.......o..####
.................).o.......(.(
########.........######.######
#.##'####.## .... #.##.# #..#
.##### #.##.# ##'# #.
#.##.###♣♣.♣♣# #.##...#♣8.8♣# #.
#.#@'oo_..+ #.###♣8.8♣# ###
♣♣.♣♣ #+#


You could see an orc warrior (very poisoned) and an orc priest.

Vanquished Creatures
  An iguana (D:4)
  2 adders (D:3)
  2 adder zombies (D:3)
  2 worms (D:2)
  3 dart slugs
  An orc (D:4)
  4 ball pythons
  7 endoplasms
  A giant cockroach (D:2)
  5 hobgoblins
  6 kobolds
  4 quokkas
  5 bats
  10 goblins
  9 rats
62 creatures vanquished.

Notes
Turn   | Place    | Note
-------+----------+-------------------------------------------
     0 | D:1      | Miritol the Tengu Hunter began the quest for the Orb.
     0 | D:1      | Reached XP level 1. HP: 12/12 MP: 2/2
   201 | D:1      | Reached skill level 1 in Armour
   201 | D:1      | Reached XP level 2. HP: 17/17 MP: 3/3
   406 | D:1      | Reached XP level 3. HP: 21/21 MP: 4/4
   483 | D:1      | Reached skill level 5 in Crossbows
   874 | D:2      | Found a faded altar of an unknown god.
  1486 | D:2      | Reached XP level 4. HP: 26/26 MP: 5/5
  1854 | D:3      | Found a runed translucent gate.
  1854 | D:3      | Found a runed translucent gate.
  1854 | D:3      | Found a runed translucent gate.
  1854 | D:3      | Noticed Crownlay's ghost (weakling HONe)
  1857 | D:3      | Found a basalt altar of Yredelemnul.
  2621 | D:4      | Gained mutation: Your magical nature lets you fly swiftly
                  | and evasively. [Tengu growth]
  2621 | D:4      | Reached XP level 5. HP: 12/30 MP: 6/6
  2841 | D:4      | Found a white marble altar of Elyvilon.
  2866 | D:4      | Noticed an orc warrior
  2894 | D:4      | Slain by an orc warrior

Illustrated notes

Levels and vault maps discovered:
D:1:      minmay_arrival_widening_spiral_wide, layout_loops_ring,
          minmay_misc_feat_plants
D:2:      layout_loops_corners, ebering_ecumenical_altar_webs
D:3:      layout_basic, nicolae_yredelemnul_ghost_church, serial_park_tiny_pond,
          kennysheep_another_room, minmay_misc_feat_nine_boxes
D:4:      layout_basic, mainiacjoe_overflow_tiny_flanked, okawaru_trees_1,
          kennysheep_little_box, lemuel_tele_altar

Skill      XL: |  1  2  3  4 |
---------------+-------------+-----
Armour         | 1 2 3 |  3.4
Crossbows      | 5 |  5.7
Fighting       | |  2.0
Dodging        | |  2.1
Stealth        | |  1.0

Action                   |  1- 3 |  4- 6 || total
-------------------------+-------+-------++-------
Melee: Short sword       |     2 |     5 ||     7
       Kick              |     1 |     6 ||     7
       Peck              |     1 |     3 ||     4
       Dagger            |       |    10 ||    10
 Fire: Hand crossbow     |    87 |    35 ||   122
Throw: Dart              |       |     3 ||     3
 Stab: Sleeping          |       |     1 ||     1
Armor: Leather armour    |     5 |     2 ||     7
Dodge: Dodged            |     6 |    16 ||    22

Table legend: (Time is in decaauts)
 A = Elapsed time spent in this place.
 B = Non-inter-level travel time spent in this place.
 C = Inter-level travel time spent in this place.
 D = Time resting spent in this place.
 E = Time spent auto-exploring this place.
 F = Levels seen in this place.
 G = Mean time per level.
                   A        B        C        D        E       F      G
               +--------+--------+--------+--------+--------+-----+--------+
         Total |   2917 |   2865 |     52 |      0 |   2495 |   4 |  729.2 |
       Dungeon |   2917 |   2865 |     52 |      0 |   2495 |   4 |  729.2 |
               +--------+--------+--------+--------+--------+-----+--------+

Top non-repeatable levels by time:
     D:3: 908 daAuts
     D:1: 888 daAuts
     D:2: 844 daAuts
     D:4: 275 daAuts
